 Dungeon Crawl Stone Soup version 0.29-a0-998-g1987434951 (webtiles) character file.

Game seed: 7945253739331908334

8728 Kinoniko the Bludgeoner (level 11, -3/75 HPs)
             Began as a Demonspawn Berserker on Aug 5, 2022.
             Was an Elder of Trog.
             Slain by Snorg (12 damage)
             ... on level 10 of the Dungeon.
             The game lasted 00:12:33 (11036 turns).

Kinoniko the Bludgeoner (Demonspawn Berserker)     Turns: 11036, Time: 00:12:33

Health: -3/75      AC: 15    Str: 22    XL:     11   Next: 13%
Magic:  11/11      EV:  8    Int:  8    God:    Trog [****..]
Gold:   257        SH:  6    Dex: 13    Spells: 10/10 levels left

rFire   . . .      SeeInvis .   H - +4 morningstar (flame)
rCold   . . .      Faith    +   (no shield)
rNeg    . . .      Spirit   .   D - +2 chain mail {Will+}
rPois   .          Reflect  .   (helmet restricted)
rElec   .          Harm     .   m - +2 cloak {Stlth+}
rCorr   +          Rampage  .   B - +1 pair of gloves of Patience {rCorr Stlth+}
Will    +....                   (no boots)
Stlth   ++........              I - amulet of faith
HPRegen 0.22/turn               p - ring of resist corrosion
MPRegen 0.24/turn               (no ring)

@: lethally poisoned (-3 -> -20), on berserk cooldown, slowed, very slow
A: horns 1, large bone plates 2, magic regeneration, camouflage 2
a: Renounce Religion, Berserk, Trog's Hand, Brothers in Arms


You were on level 10 of the Dungeon.
You worshipped Trog.
Trog was greatly pleased with you.
You visited 1 branch of the dungeon, and saw 10 of its levels.
You also visited: Sewer.

You collected 558 gold pieces.
You spent 301 gold pieces at shops.

Inventory:

Hand Weapons
 f - a +3 dire flail
 w - a +2 antimagic great mace
 H - a +4 morningstar of flaming (weapon)
Missiles
 y - a throwing net (quivered)
Armour
 m - a +2 cloak of stealth (worn)
 B - the +1 pair of gloves of Patience (worn) {rCorr Stlth+}
   (You found it on level 6 of the Dungeon)

   rCorr:     It protects you from acid and corrosion.
   Stlth:     It makes you more stealthy.
 D - a +2 chain mail of willpower (worn)
Jewellery
 c - an amulet of reflection
 p - a ring of resist corrosion (left hand)
 v - a ring of ice
 C - an amulet of regeneration
 I - an amulet of faith (around neck)
Wands
 a - a wand of quicksilver (5)
 s - a wand of flame (65)
 u - a wand of paralysis (18)
 F - a wand of polymorph (7)
 J - a wand of mindburst (5)
Scrolls
 b - a scroll of enchant armour
 e - 7 scrolls of teleportation
 i - 2 scrolls of vulnerability
 l - 2 scrolls of amnesia
 q - 2 scrolls of torment
 r - a scroll of poison
Potions
 k - a potion of brilliance
 n - a potion of ambrosia {unknown}
 o - a potion of mutation
 x - a potion of resistance {unknown}
 z - a potion of magic {unknown}
 A - a potion of invisibility {unknown}
 E - a potion of attraction {unknown}


   Skills:
 - Level 3.0 Fighting
 + Level 15.8 Maces & Flails
 - Level 1.7 Armour
 - Level 1.7 Dodging


You had 10 spell levels left.
You didn't know any spells.
Your spell library was empty.

Dungeon Overview and Level Annotations

Branches:
Dungeon (10/15)            Temple (0/1) D:7            Lair (0/5) D:8
    Orc (0/2) D:10          Sewer (visited)

Altars:
Dithmenos
Fedhas
Gozag
Hepliaklqana
Kikubaaqudgha
Makhleb
Nemelex Xobeh
Okawaru
Ru
Sif Muna
Uskayaw
Vehumet
Wu Jian
Yredelemnul

Shops:
D:5 [   D:6 **!   D:7 [

Annotations:
D:10 Snorg


Innate Abilities, Weirdness & Mutations

You have a pair of small horns on your head.
You are mostly covered in large bone plates. (SH +6)
You regenerate magic rapidly.
Your skin blends seamlessly with your surroundings (Stealth++).


Message History

Snorg is moderately wounded.
You feel sick. The killer bee stings you. x2
You are more poisoned.
The killer bee poisons you! Snorg bites you.
Snorg claws you but does no damage. Snorg claws you.
You block the killer bee's attack. The killer bee stings you.
You crush Snorg like a grape!!! You burn Snorg!! You headbutt Snorg!
Snorg is severely wounded.
You feel very sick. Snorg bites you but does no damage. Snorg claws you!
Snorg claws you but does no damage. The killer bee stings you.
The killer bee closely misses you. Snorg closely misses you. x2
Snorg claws you.
Unknown command.
You are too injured to fight recklessly!
You are too injured to fight recklessly!
Unknown command.
You are too injured to fight recklessly!
You closely miss Snorg.
Snorg is severely wounded.
You feel sick.
The killer bee stings you but does no damage.
The killer bee stings you!
You are more poisoned.
The killer bee poisons you! Snorg bites you!!
* * * LOW HITPOINT WARNING * * *
Snorg claws you but does no damage. Snorg closely misses you.
The killer bee stings you.
* * * LOW HITPOINT WARNING * * *
The killer bee stings you but does no damage.
You puncture Snorg! You burn Snorg. Your headbutt misses Snorg.
Snorg is almost dead.
You are no longer berserk.
You are exhausted.
You feel as though you will be slow longer.
* * * LOW HITPOINT WARNING * * *
You feel very sick. The killer bee barely misses you.
The killer bee completely misses you. Snorg bites you!
You die...

#####
#............######...#
#............#........#
#............#........##
#............#..........
###......>.....#..........
................####.......
...[.......Ty......
#.......
...........@y......
#.......
...........#####...
#..##### ...........#
#..#.... .......>...#
#####'#.... ...........#
#.##.......
########........#
##.#......#
.......#####....#
##.####....#
...........'....# ###.##
#....# ...........#....#
#..## #....#


You could see Snorg (berserk) and 2 killer bees.

Vanquished Creatures
  3 two-headed ogres
  Joseph (D:9)
  A gargoyle (D:10)
  An unseen horror (D:10)
  Grinder (D:3)
  3 wyverns
  10 yaks (D:9)
  A wraith (D:10)
  3 orc warriors
  A sky beast (D:6)
  A black bear (D:7)
  A centaur (D:7)
  2 ogres
  3 phantoms
  3 kobold brigands
  2 bullfrogs
  A necrophage (D:5)
  2 scorpions
  14 wights (D:8)
  4 killer bees (D:10)
  7 howler monkeys
  A crimson imp (D:7)
  6 centaur zombies (D:8)
  A jelly (D:8)
  5 hounds
  4 orc priests
  Crazy Yiuf (D:2)
  4 iguanas
  11 orc wizards
  A killer bee zombie (D:8)
  2 howler monkey zombies (D:8)
  5 gnolls
  12 adders
  3 river rats (Sewer)
  3 shadow imps
  4 worms
  3 dart slugs
  20 orcs
  7 ball pythons
  4 bats
  5 endoplasms
  4 giant cockroaches
  11 goblins
  5 hobgoblins
  3 quokkas
  4 frilled lizards
  31 kobolds
  28 rats
253 creatures vanquished.

Notes
Turn   | Place    | Note
-------+----------+-------------------------------------------
     0 | D:1      | Kinoniko the Demonspawn Berserker began the quest for the
                  | Orb.
     0 | D:1      | Reached XP level 1. HP: 18/18 MP: 1/1
   404 | D:1      | Reached skill level 3 in Maces & Flails
   406 | D:1      | Gained mutation: You are partially covered in large bone
                  | plates. (SH +4) [demonic ancestry]
   406 | D:1      | Reached XP level 2. HP: 19/24 MP: 2/2
   975 | D:1      | Reached XP level 3. HP: 23/29 MP: 3/3
  1146 | D:1      | Found a faded altar of an unknown god.
  1335 | D:2      | Reached skill level 4 in Maces & Flails
  1460 | D:2      | Found an ornate altar of the Wu Jian Council.
  1645 | D:2      | Found a runed translucent door.
  1646 | D:2      | Noticed Crazy Yiuf
  1758 | D:2      | Killed Crazy Yiuf
  1759 | D:2      | Reached XP level 4. HP: 35/35 MP: 4/4
  1853 | D:3      | Noticed Grinder
  1865 | D:3      | Paralysed by Grinder for 3 turns
  1891 | D:3      | Killed Grinder
  1892 | D:3      | Reached skill level 6 in Maces & Flails
  1892 | D:3      | Gained mutation: You regenerate magic rapidly. [demonic
                  | ancestry]
  1892 | D:3      | Reached XP level 5. HP: 17/41 MP: 5/5
  1892 | D:3      | Reached XP level 6. HP: 20/47 MP: 6/6
  2494 | D:3      | Reached ** piety under Trog
  2703 | D:3      | Found an ancient bone altar of Kikubaaqudgha.
  2711 | D:3      | Found an ornate altar of the Wu Jian Council.
  3172 | D:4      | Reached skill level 7 in Maces & Flails
  3306 | D:4      | Found a glowing drain.
  3330 | Sewer    | Entered a sewer
  3503 | Sewer    | Reached XP level 7. HP: 52/52 MP: 7/7
  3749 | Sewer    | Reached *** piety under Trog
  4246 | D:4      | Reached skill level 8 in Maces & Flails
  4548 | D:4      | Found a shimmering blue altar of Sif Muna.
  4798 | D:5      | Entered Level 5 of the Dungeon
  4800 | D:5      | Found a radiant altar of Vehumet.
  4804 | D:5      | Reached **** piety under Trog
  5001 | D:5      | Found Ytacav's Armour Boutique.
  5069 | D:5      | Reached skill level 9 in Maces & Flails
  5069 | D:5      | Reached XP level 8. HP: 36/58 MP: 8/8
  5756 | D:6      | Identified the +1 pair of gloves of Patience {rCorr Stlth+}
  6082 | D:6      | Found Luisoihes's Specific Store.
  6089 | D:6      | Found Riw Bala's General Store.
  6161 | D:6      | Reached skill level 10 in Maces & Flails
  6171 | D:6      | Gained mutation: Your skin changes colour to match your
                  | surroundings (Stealth+). [potion of mutation]
  6171 | D:6      | Gained mutation: Your skin blends seamlessly with your
                  | surroundings (Stealth++). [potion of mutation]
  6295 | D:6      | Found a blossoming altar of Fedhas.
  6295 | D:6      | Found an iron altar of Okawaru.
  6336 | D:6      | Found Vuhaitt's Distillery.
  6568 | D:7      | Found a basalt altar of Yredelemnul.
  6677 | D:7      | Reached skill level 11 in Maces & Flails
  6746 | D:7      | Gained mutation: You have a pair of small horns on your
                  | head. [demonic ancestry]
  6746 | D:7      | Reached XP level 9. HP: 63/63 MP: 9/9
  6769 | D:7      | Found Zoleorr's Armour Shoppe.
  6840 | D:7      | Bought a +2 chain mail of willpower for 301 gold pieces
  6933 | D:7      | Found a burning altar of Makhleb.
  6972 | D:7      | Found a hazy altar of Hepliaklqana.
  7294 | D:7      | Found a staircase to the Ecumenical Temple.
  7893 | D:8      | Found a sparkling altar of Nemelex Xobeh.
  7895 | D:8      | Found a shadowy altar of Dithmenos.
  7897 | D:8      | Found a hide-covered altar of Uskayaw.
  7936 | D:8      | Reached skill level 12 in Maces & Flails
  8381 | D:8      | Found a staircase to the Lair.
  8409 | D:8      | Reached skill level 13 in Maces & Flails
  8422 | D:8      | Noticed a two-headed ogre
  8431 | D:8      | Killed a two-headed ogre
  8432 | D:8      | Reached XP level 10. HP: 60/70 MP: 10/10
  8548 | D:8      | Reached ***** piety under Trog
  8866 | D:9      | Noticed a two-headed ogre
  8880 | D:9      | Reached skill level 14 in Maces & Flails
  8882 | D:9      | Killed a two-headed ogre
  9191 | D:9      | Received a gift from Trog
  9274 | D:9      | Noticed Joseph
  9390 | D:9      | Reached skill level 15 in Maces & Flails
  9621 | D:9      | Found an opulent altar of Gozag.
  9624 | D:9      | Found a sacrificial altar of Ru.
  9985 | D:9      | Killed Joseph
 10251 | D:10     | Entered Level 10 of the Dungeon
 10281 | D:10     | Noticed a two-headed ogre
 10290 | D:10     | Killed a two-headed ogre
 10291 | D:10     | Gained mutation: You are mostly covered in large bone
                  | plates. (SH +6) [demonic ancestry]
 10291 | D:10     | Reached XP level 11. HP: 20/75 MP: 11/11
 11015 | D:10     | Found a staircase to the Orcish Mines.
 11019 | D:10     | Noticed Snorg
 11036 | D:10     | Slain by Snorg

Illustrated notes

Levels and vault maps discovered:
D:1:      dpeg_arrival_yet_another_circle, layout_loops_ring,
          hellmonk_ecumenical_altar_defaced_shrine, nicolae_grassy_gnolls
D:2:      layout_rooms, basic_altar, uniq_crazy_yiuf_cottage
D:3:      layout_basic, mainiacjoe_overflow_big_doors, minmay_crystal_water,
          kennysheep_another_room, uniq_grinder
D:4:      layout_loops_ring, nicolae_sif_muna_little_library,
          cheibrodos_sewer_entry_sluice
D:5:      layout_rooms, vehumet_altar_wand_db, serial_shops,
          nicolae_shop_behind_doors
D:6:      layout_rooms, minitemple, chequers_decorated_corner,
          minmay_statues_item, nicolae_specific_store, nicolae_stop_n_shop_2,
          hex_medium
D:7:      layout_basic, mainiacjoe_overflow_concentric_impassable,
          makhleb_grotto_becter, mainiacjoe_overflow_boulevard,
          minmay_temple_entry_purple_smoke, enter_bailey_5, serial_shops,
          nicolae_lakefront_shop
D:8:      layout_gridville, gammafunk_temple_overflow_forgotten,
          dpeg_oklobed_lair, serial_undead, serial_undead_b, serial_undead_b,
          serial_undead_d, serial_undead_e, serial_undead_d
D:9:      layout_stronghold, nicolae_overflow_squiral, tso_altar, uniq_joseph
D:10:     layout_irregular_city, orc_0_dummy, amethyst_killhole, uniq_snorg

Skill      XL: |  1  2  3  4  5  6  7  8  9 10 |
---------------+-------------------------------+-----
Maces & Flails | 3 4 6 7 9 11 13 15 | 15.8
Fighting       | |  3.0
Armour         | |  1.7
Dodging        | |  1.7

Action                   |  1- 3 |  4- 6 |  7- 9 | 10-12 || total
-------------------------+-------+-------+-------+-------++-------
Melee: Mace              |    84 |   129 |       |   114 ||   327
       Punch             |     3 |     1 |     2 |     5 ||    11
       Whip              |       |     9 |   321 |       ||   330
       Dire flail        |       |       |   170 |       ||   170
       Morningstar       |       |       |    34 |    83 ||   117
       Headbutt          |       |       |    23 |    34 ||    57
Invok: Berserk           |     3 |     4 |    10 |     6 ||    23
       Trog's Hand       |       |       |     1 |     1 ||     2
  Use: Potion            |       |     2 |     6 |     5 ||    13
       Scroll            |       |     6 |     9 |     4 ||    19
 Stab: Sleeping          |     1 |     4 |    10 |     2 ||    17
Armor: Animal skin       |    10 |       |       |       ||    10
       Ring mail         |    16 |    43 |   145 |       ||   204
       Skin              |       |     9 |       |       ||     9
       Chain mail        |       |       |    81 |    99 ||   180
Dodge: Dodged            |    53 |    66 |   222 |    76 ||   417
Block: Other             |    12 |    21 |    67 |    35 ||   135

Table legend: (Time is in decaauts)
 A = Elapsed time spent in this place.
 B = Non-inter-level travel time spent in this place.
 C = Inter-level travel time spent in this place.
 D = Time resting spent in this place.
 E = Time spent auto-exploring this place.
 F = Levels seen in this place.
 G = Mean time per level.
                   A        B        C        D        E       F      G
               +--------+--------+--------+--------+--------+-----+--------+
         Total |  11038 |  10759 |    279 |   1699 |   7404 |  11 | 1003.5 |
       Dungeon |  10173 |   9894 |    279 |   1341 |   7076 |  10 | 1017.3 |
         Sewer |    864 |    864 |      0 |    358 |    328 |   1 |  864.0 |
               +--------+--------+--------+--------+--------+-----+--------+

Top non-repeatable levels by time:
     D:9: 1507 daAuts
     D:1: 1283 daAuts
     D:7: 1158 daAuts
     D:4: 1080 daAuts
     D:3: 1048 daAuts
     D:8: 970 daAuts
     D:5: 943 daAuts
   Sewer: 864 daAuts
    D:10: 800 daAuts
     D:6: 798 daAuts
     D:2: 581 daAuts
